 Dungeon Crawl Stone Soup version 0.21.1-1-g345015f (webtiles) character file.

56117 glosham the Warrior (level 15, -10/103 HPs)
             Began as a Kobold Artificer on May 6, 2018.
             Was a High Priest of Okawaru.
             Mangled by a black mamba (21 damage)
             ... on level 5 of the Lair of Beasts on May 8, 2018.
             The game lasted 05:04:57 (13700 turns).

glosham the Warrior (Kobold Artificer)             Turns: 13700, Time: 05:04:58

Health: -10/103    AC: 24    Str: 20    XL:     15   Next: 20%
Magic:  21/22      EV: 29    Int: 14    God:    Okawaru [*****.]
Gold:   1353       SH:  4    Dex: 28    Spells: 12/14 levels left

rFire    . . .     SeeInvis +   a - +9 quarterstaff (chaos)
rCold    + . .     Gourm    .   (shield currently unavailable)
rNeg     . . .     Faith    .   X - +1 plate armour of Ethics {-Cast rPois Dex+7 SInv}
rPois    +         Spirit   .   U - +2 hat
rElec    .         Reflect  +   Y - +1 cloak
rCorr    .         Harm     .   V - +2 pair of gloves {Str+3}
MR       +....     NoCast   +   W - +0 pair of boots
Stlth    +.........             z - +4 amulet of reflection
HPRegen  0.27/turn              A - +3 ring of strength
MPRegen  0.18/turn              B - ring of protection from cold

@: agile, about to teleport, heroism
A: small, carnivore
a: Heroism, Finesse, Renounce Religion


You were on level 5 of the Lair of Beasts.
You worshipped Okawaru.
Okawaru was extremely pleased with you.
You were completely stuffed.

You visited 3 branches of the dungeon, and saw 19 of its levels.
You also visited: Ice Cave and Volcano.

You collected 1353 gold pieces.

Inventory:

Hand Weapons
 a - a +9 quarterstaff of chaos (weapon)
 b - the +1 arbalest "Hajeakk" {speed, rElec rF++ Str+4 Int-3}
   (Okawaru gifted it to you in a volcano)

   Attacks with this weapon are significantly faster.
   It affects your strength (+4).
   It affects your intelligence (-3).
   It greatly protects you from fire.
   It insulates you from electricity.
Missiles
 c - 203 bolts
Armour
 w - a scarf of repulsion
 R - a +0 troll leather armour
 U - a +2 hat (worn)
 V - a +2 pair of gloves of strength (worn)
 W - a +0 pair of boots (worn)
 X - the +1 plate armour of Ethics (worn) {-Cast rPois Dex+7 SInv}
   (You took it off a gnoll on level 13 of the Dungeon)

   It affects your dexterity (+7).
   It protects you from poison.
   It lets you see invisible.
   It prevents spellcasting.
 Y - a +1 cloak (worn)
Magical Staves
 d - an uncursed staff of air
Jewellery
 z - a +4 amulet of reflection (around neck)
 A - a +3 ring of strength (left hand)
 B - a ring of protection from cold (right hand)
 C - an uncursed ring of ice
 D - an uncursed ring of ice
 E - an uncursed ring of protection from fire
 F - an uncursed ring of flight
 S - an uncursed ring of resist corrosion
Wands
 f - a wand of disintegration (14)
 g - a wand of paralysis (17)
 h - a wand of flame (17)
 i - a wand of iceblast (8)
Scrolls
 k - 6 scrolls of teleportation
 m - 2 scrolls of fog
 n - a scroll of fear
 o - 6 scrolls of remove curse
 p - 2 scrolls of enchant weapon
 q - 2 scrolls of magic mapping
 G - a scroll of identify
Potions
 j - a potion of ambrosia
 l - 4 potions of lignification
 r - 2 potions of curing
 s - 2 potions of cancellation
 t - a potion of magic
 u - a potion of resistance
 v - a potion of haste
 y - 2 potions of might
Comestibles
 e - 37 rations


   Skills:
 - Level 15.6(20.6) Fighting
   Level 1.3(6.3) Short Blades
 * Level 15.0(20.0) Crossbows
 - Level 4.6(9.6) Armour
 - Level 14.2(19.2) Dodging
 - Level 1.3(6.3) Stealth
 - Level 10.0 Invocations
 - Level 3.6 Evocations


You had 12 spell levels left.
You knew the following spells:

 Your Spells              Type           Power        Failure   Level  Hunger
P - Passwall              Tmut/Erth      #.........   100%        2    ###....


Dungeon Overview and Level Annotations

Branches:
Dungeon (13/15)            Temple (1/1) D:5            Lair (4/6) D:10
 Shoals (0/4) Lair:2        Snake (0/4) Lair:2          Orc (0/2) D:10
 Vaults (0/5) D:13

Altars:
Ashenzari
Cheibriados
Dithmenos
Elyvilon
Fedhas
Gozag
Hepliaklqana
Kikubaaqudgha
Makhleb
Nemelex Xobeh
Okawaru
Qazlal
Ru
Sif Muna
Trog
Uskayaw
Vehumet
Wu Jian
Xom
Yredelemnul
Zin
The Shining One

Annotations:
D:5 rock vault


Innate Abilities, Weirdness & Mutations

You are small and have problems with some larger weapons.
You are carnivorous and can eat meat at any time.


Message History

You hit the black mamba. You burn the black mamba.
The black mamba is lightly wounded.
The black mamba bites you! The black mamba completely misses you.
The black mamba misses you.
You hit the black mamba. You burn the black mamba.
The black mamba is moderately wounded.
The black mamba completely misses you. The black mamba bites you.
You hit the black mamba but do no damage.
The black mamba is moderately wounded.
The black mamba bites you but does no damage.
The black mamba closely misses you.
You hit the black mamba.
The black mamba goes berserk!
The black mamba is moderately wounded.
The black mamba bites you!! The black mamba misses you. x2
The black mamba bites you!
You miss the black mamba.
The black mamba is moderately wounded.
The black mamba bites you! x2
* * * LOW HITPOINT WARNING * * *
The black mamba barely misses you.
You gain the combat prowess of a mighty hero.
The black mamba bites you but does no damage.
The black mamba bites you!!
* * * LOW HITPOINT WARNING * * *
The black mamba completely misses you.
Okay, then.
As you read the scroll of fear, it crumbles to dust.
You assume a fearsome visage.
You block the black mamba's attack. The black mamba misses you.
The black mamba completely misses you.
You feel agile all of a sudden. The black mamba bites you.
* * * LOW HITPOINT WARNING * * *
You block the black mamba's attack.
You feel better. You block the black mamba's attack.
The black mamba completely misses you. x2
As you read the scroll of teleportation, it crumbles to dust.
You feel strangely unstable. The black mamba barely misses you.
You block the black mamba's attack. The black mamba completely misses you.
The black mamba bites you!!
You die...

.#..............
#............<...
.................
.....?....[......
.................
.................
.................
.........S.....#.
......[..@......#
...............P#
.............PP..
..............?..
.>...............
............#####
PP#.........
..#.....###


You could see a black mamba (berserk).

Vanquished Creatures
  Gastronok (Lair:2)
  The ghost of troglodite the Cleaver, a journeyman DsBe of Trog (D:12)
  4 hydras
  A catoblepas (Lair:4)
  2 centaur warriors (D:13)
  A dancing weapon (Volcano)
  7 two-headed ogres
  Erica (D:9)
  2 tengu warriors (D:13)
  Urug (D:13)
  Sonja (D:10)
  A deep elf knight (D:13)
  An unseen horror (D:10)
  5 wizards (Volcano)
  A necromancer (IceCv)
  Pikel (D:5)
  An orc knight (D:13)
  3 manticores
  2 deep elf magi (D:13)
  A salamander (Lair:3)
  2 ugly things
  6 toenail golems (Volcano)
  7 black mambas
  A torpor snail (Lair:2)
  A water nymph (D:12)
  4 ice statues (IceCv)
  Joseph (D:7)
  4 spiny frogs
  4 yaktaurs (D:13)
  2 rime drakes
  A komodo dragon (Lair:3)
  3 trolls
  8 ice devils (IceCv)
  A hornet (D:13)
  Prince Ribbit (D:9)
  6 slime creatures
  A meliai zombie (D:11)
  A raiju (Lair:4)
  6 hippogriffs
  Sigmund (D:2)
  A spriggan (D:10)
  A shadow (D:12)
  4 wyverns
  A vampire (D:12)
  A basilisk (Lair:2)
  27 yaks
  2 vampire mosquitoes (D:11)
  A hungry ghost (D:13)
  A soldier ant (D:12)
  6 porcupines
  13 water moccasins
  7 orc warriors
  A sky beast (D:5)
  7 ice beasts
  3 slaves (D:5)
  2 phantoms (D:13)
  3 black bears
  A black bear (shapeshifter) (D:13)
  An eye of draining (D:12)
  5 ogres
  A boggart (shapeshifter) (D:7)
  7 wolves
  A necrophage (D:10)
  6 centaurs
  10 crocodiles
  2 big kobolds
  13 bullfrogs
  A gnoll sergeant (D:12)
  6 scorpions
  A water moccasin skeleton (D:10)
  12 killer bees
  14 wights
  An electric eel (Lair:1)
  A howler monkey (D:9)
  8 crimson imps
  2 jellies
  A bullfrog zombie (D:11)
  7 hounds
  8 orc priests
  Crazy Yiuf (D:2)
  2 centaur skeletons
  7 orc wizards
  A bullfrog skeleton (D:5)
  Ijyb (D:3)
  Terence (D:3)
  2 iguanas
  11 worker ants
  A spriggan simulacrum (IceCv)
  2 troll simulacra (IceCv)
  A hound skeleton (D:7)
  A worker ant zombie (D:11)
  4 gnolls
  2 howler monkey skeletons
  17 adders
  4 ogre simulacra (IceCv)
  3 naga simulacra (IceCv)
  2 shadow imps
  An ooze (D:4)
  2 adder skeletons (D:4)
  3 adder zombies
  2 worms (D:2)
  3 dart slugs
  7 leopard geckos
  70 orcs
  8 giant cockroaches
  6 goblins
  7 hobgoblins
  11 jackals
  4 quokkas
  A ball python (Lair:2)
  9 bats
  6 frilled lizards
  19 kobolds
  2 quokka skeletons
  2 rats
515 creatures vanquished.

Vanquished Creatures (collateral kills)
  2 yaks (D:10)
  A basilisk (D:10)
  A scorpion (D:10)
  4 killer bees
  An orc priest (D:9)
  2 orcs
  A quokka (D:5)
  A kobold (D:2)
13 creatures vanquished.

Vanquished Creatures (others)
  A centaur warrior (D:13)
  A yak (D:10)
  A scorpion (D:10)
  A crocodile (D:10)
  A porcupine (Lair:3)
  A wolf (Lair:3)
  4 killer bees
  A centaur (D:13)
  A wight (D:10)
  A jelly (D:12)
  A hound (D:9)
  An orc wizard (D:5)
  An adder skeleton (D:5)
  3 orcs (D:5)
  5 fungi
  14 plants
38 creatures vanquished.

Grand Total: 566 creatures vanquished

Notes
Turn   | Place    | Note
-------+----------+-------------------------------------------
     0 | D:1      | glosham the Kobold Artificer began the quest for the Orb.
     0 | D:1      | Reached XP level 1. HP: 12/12 MP: 3/3
    96 | D:2      | Reached skill level 2 in Fighting
    96 | D:2      | Reached XP level 2. HP: 17/17 MP: 4/4
   265 | D:2      | Noticed Sigmund
   267 | D:2      | Reached skill level 3 in Fighting
   267 | D:2      | Reached XP level 3. HP: 19/23 MP: 5/5
   271 | D:2      | Killed Sigmund
   271 | D:2      | Reached skill level 5 in Fighting
   271 | D:2      | Reached XP level 4. HP: 27/32 MP: 6/6
   271 | D:2      | Reached XP level 5. HP: 31/36 MP: 7/7
   280 | D:2      | Found a glowing golden altar of the Shining One.
   412 | D:2      | Found a runed door.
   416 | D:2      | Noticed Crazy Yiuf
   722 | D:2      | Reached XP level 6. HP: 41/41 MP: 8/8
   752 | D:2      | Killed Crazy Yiuf
   752 | D:2      | Reached skill level 6 in Fighting
   906 | D:4      | Noticed an ogre
   912 | D:4      | Killed an ogre
   912 | D:4      | Reached skill level 7 in Fighting
   922 | D:4      | Found a basalt altar of Yredelemnul.
  1042 | D:4      | Reached XP level 7. HP: 38/48 MP: 9/9
  1312 | D:1      | Reached skill level 1 in Armour
  1779 | D:4      | Reached skill level 8 in Fighting
  1946 | D:3      | Noticed Terence
  1952 | D:3      | Noticed Ijyb
  1955 | D:3      | Killed Terence
  1962 | D:3      | Killed Ijyb
  2221 | D:5      | Entered Level 5 of the Dungeon
  2221 | D:5      | Noticed a hippogriff
  2225 | D:5      | Killed a hippogriff
  2225 | D:5      | Reached skill level 9 in Fighting
  2225 | D:5      | Reached XP level 8. HP: 52/56 MP: 10/10
  2388 | D:5      | Reached skill level 10 in Fighting
  2389 | D:5      | Noticed Pikel
  2403 | D:5      | Killed Pikel
  2403 | D:5      | Reached skill level 11 in Fighting
  2403 | D:5      | Reached XP level 9. HP: 29/64 MP: 11/11
  2506 | D:5      | Reached skill level 3 in Dodging
  2696 | D:5      | Reached skill level 4 in Dodging
  2709 | D:5      | Found a staircase to the Ecumenical Temple.
  2715 | Temple   | Entered the Ecumenical Temple
  2756 | Temple   | Became a worshipper of Warmaster Okawaru
  3018 | D:6      | Reached skill level 5 in Dodging
  3018 | D:6      | Reached skill level 1 in Invocations
  3191 | D:6      | Reached skill level 2 in Invocations
  3210 | D:6      | Reached * piety under Okawaru
  3210 | D:6      | Reached skill level 6 in Dodging
  3210 | D:6      | Reached skill level 3 in Invocations
  3693 | D:7      | Reached skill level 4 in Invocations
  3920 | D:7      | Reached skill level 7 in Dodging
  4173 | D:7      | Noticed Joseph
  4185 | D:7      | Killed Joseph
  4185 | D:7      | Reached ** piety under Okawaru
  4185 | D:7      | Reached skill level 5 in Invocations
  4185 | D:7      | Reached XP level 10. HP: 59/70 MP: 13/13
  4399 | D:7      | HP: 5/71 [iguana (shapeshifter) (10)]
  4540 | D:8      | Reached skill level 8 in Dodging
  4910 | D:9      | Reached skill level 6 in Invocations
  4965 | D:9      | Reached skill level 12 in Fighting
  4979 | D:9      | Reached skill level 2 in Armour
  5067 | D:9      | Noticed Erica
  5086 | D:9      | Killed Erica
  5086 | D:9      | Reached *** piety under Okawaru
  5223 | D:10     | Entered Level 10 of the Dungeon
  5326 | D:9      | Noticed a two-headed ogre
  5332 | D:9      | Killed a two-headed ogre
  5332 | D:9      | Reached skill level 3 in Armour
  5332 | D:9      | Reached skill level 9 in Dodging
  5332 | D:9      | Reached XP level 11. HP: 76/76 MP: 14/16
  5344 | D:9      | Noticed Prince Ribbit
  5354 | D:9      | Reached skill level 7 in Invocations
  5362 | D:9      | Killed Prince Ribbit
  5612 | D:10     | Found a staircase to the Lair.
  5631 | D:10     | Reached **** piety under Okawaru
  5638 | D:10     | Found a staircase to the Orcish Mines.
  5672 | D:10     | Reached skill level 10 in Dodging
  5765 | D:10     | Noticed a two-headed ogre
  5772 | D:10     | Killed a two-headed ogre
  5772 | D:10     | Reached ***** piety under Okawaru
  5772 | D:10     | Reached skill level 4 in Armour
  5843 | D:10     | Found a snail-covered altar of Cheibriados.
  5862 | D:10     | Reached skill level 13 in Fighting
  6007 | D:10     | Killed an unseen horror
  6231 | D:10     | Noticed Sonja
  6235 | D:10     | HP: 6/77 [poisoned by Sonja (curare-tipped needle)]
  6237 | D:10     | HP: 2/78 [asphyx]
  6703 | D:10     | Killed Sonja
  6789 | D:11     | Reached skill level 8 in Invocations
  6812 | D:11     | Received a gift from Okawaru
  6812 | D:11     | Reached XP level 12. HP: 57/84 MP: 18/18
  6876 | D:11     | Reached skill level 11 in Dodging
  6915 | D:11     | Noticed a six-headed hydra
  7004 | D:11     | Noticed a two-headed ogre
  7012 | D:11     | Killed a two-headed ogre
  7359 | D:11     | Reached skill level 14 in Fighting
  7405 | D:11     | Killed a six-headed hydra
  7405 | D:11     | Reached skill level 12 in Dodging
  7834 | D:12     | Reached skill level 9 in Invocations
  7894 | D:12     | Noticed a two-headed ogre
  7903 | D:12     | Killed a two-headed ogre
  8098 | D:12     | Noticed a two-headed ogre
  8125 | D:12     | Killed a two-headed ogre
  8129 | D:12     | Received a gift from Okawaru
  8141 | D:12     | Reached XP level 13. HP: 58/91 MP: 20/20
  8315 | D:12     | Reached skill level 13 in Dodging
  8387 | D:12     | Noticed troglodite's ghost (journeyman DsBe)
  8415 | D:12     | Killed troglodite's ghost
  8610 | D:13     | Noticed a centaur warrior
  8613 | D:13     | Noticed Urug
  8619 | D:13     | Killed a centaur warrior
  8619 | D:13     | Reached skill level 15 in Fighting
  8632 | D:13     | Noticed a centaur warrior
  8639 | D:13     | Killed Urug
  8642 | D:13     | Killed a centaur warrior
  8672 | D:13     | Noticed a centaur warrior
  8891 | D:13     | Reached skill level 10 in Invocations
  8901 | D:13     | Killed a centaur warrior
  8918 | D:13     | Reached skill level 14 in Dodging
  8996 | D:13     | Got a polished plate armour
  9084 | D:13     | Reached skill level 1 in Crossbows
  9124 | D:13     | Reached skill level 2 in Crossbows
  9155 | D:13     | Reached skill level 3 in Crossbows
  9179 | D:13     | Found a deep blue altar of Sif Muna.
  9279 | D:13     | Reached skill level 4 in Crossbows
  9292 | D:13     | Identified the +1 plate armour of Ethics {-Cast rPois Dex+7 SInv} (You took it off a gnoll on level 13 of the Dungeon)
  9320 | D:13     | Received a gift from Okawaru
  9328 | D:13     | Reached skill level 5 in Crossbows
  9624 | D:13     | Reached skill level 6 in Crossbows
  9857 | D:13     | Reached skill level 7 in Crossbows
  9905 | D:13     | Found a gate to the Vaults.
 10033 | D:10     | Learned a level 2 spell: Passwall
 10086 | D:7      | Reached XP level 14. HP: 98/98 MP: 21/21
 10244 | D:5      | You fall through a shaft for 2 floors!
 10308 | Lair:1   | Entered Level 1 of the Lair of Beasts
 10391 | Lair:1   | Reached skill level 8 in Crossbows
 10845 | Lair:2   | Found a staircase to the Shoals.
 10862 | Lair:2   | Reached skill level 9 in Crossbows
 10893 | Lair:2   | Received a gift from Okawaru
 10993 | Lair:2   | Found a frozen archway.
 10993 | Lair:2   | Noticed Gastronok
 11022 | Lair:2   | Killed Gastronok
 11022 | Lair:2   | Reached skill level 10 in Crossbows
 11027 | IceCv    | Entered an ice cave
 11044 | IceCv    | Received a gift from Okawaru
 11126 | IceCv    | Reached skill level 11 in Crossbows
 11810 | Lair:2   | Reached skill level 12 in Crossbows
 11897 | Lair:2   | Found a staircase to the Snake Pit.
 12415 | Lair:2   | Reached skill level 13 in Crossbows
 12620 | Lair:3   | Identified the +6 long sword of Rikagh {distort, +Fly Dex+2 Stlth+} (You found it on level 3 of the Lair of Beasts)
 12881 | Lair:4   | Found a dark tunnel.
 12893 | Volcano  | Entered a volcano
 12947 | Volcano  | Reached skill level 14 in Crossbows
 13048 | Volcano  | Reached XP level 15. HP: 88/103 MP: 20/22
 13062 | Volcano  | Received a gift from Okawaru
 13063 | Volcano  | Got a blackened arbalest {god gift}
 13064 | Volcano  | Identified the +1 arbalest "Hajeakk" {speed, rElec rF++ Str+4 Int-3} (Okawaru gifted it to you in a volcano)
 13152 | Volcano  | Paralysed by a wizard for 7 turns
 13164 | Volcano  | Paralysed by a wizard for 6 turns
 13452 | Lair:4   | Reached skill level 15 in Crossbows
 13685 | Lair:4   | You fall through a shaft!
 13695 | Lair:5   | HP: 4/103 [black mamba (21)]
 13697 | Lair:5   | HP: 1/103 [black mamba (4)]
 13700 | Lair:5   | Mangled by a black mamba

Skill      XL: |  1  2  3  4  5  6  7  8  9 10 11 12 13 14 15 |
---------------+----------------------------------------------+-----
Fighting       | 2 3 5 7 9 11 12 13 14 15 | 15.6
Armour         | 1 3 4 |  4.6
Dodging        | 7 9 10 12 14 | 14.2
Invocations    | 5 6 8 9 10 | 10.0
Crossbows      | 7 14 15 | 15.0
Short Blades   | |  1.3
Stealth        | |  1.3
Evocations     | |  3.6

Action                   |  1- 3 |  4- 6 |  7- 9 | 10-12 | 13-15 || total
-------------------------+-------+-------+-------+-------+-------++-------
Melee: Short sword       |    43 |     5 |       |       |       ||    48
       Spear             |       |    18 |       |       |       ||    18
       Quarterstaff      |       |    40 |   296 |   552 |   870 ||  1758
 Fire: Arbalest          |       |       |       |       |    59 ||    59
       Blowgun           |       |       |       |       |     2 ||     2
 Cast: Passwall          |       |       |       |       |     2 ||     2
Invok: Heroism           |       |       |       |     6 |    18 ||    24
       Finesse           |       |       |       |       |     5 ||     5
Evoke: Wand              |    13 |    17 |     2 |    57 |    27 ||   116
  Use: Scroll            |       |     4 |    16 |    10 |    10 ||    40
       Potion            |       |       |     1 |     3 |     3 ||     7
 Stab: Sleeping          |     2 |       |       |     1 |     1 ||     4
       Confused          |       |       |     2 |     2 |     2 ||     6
       Paralysed         |       |       |     7 |    15 |    38 ||    60
       Betrayed ally     |       |       |     1 |       |       ||     1
       Petrified         |       |       |       |     4 |    16 ||    20
       Petrifying        |       |       |       |     1 |     4 ||     5
  Eat: Chunk             |       |     1 |    10 |    22 |    23 ||    56
Armor: Leather armour    |     4 |       |       |    23 |       ||    27
       Ring mail         |     5 |    19 |     4 |       |       ||    28
       Scale mail        |       |       |   134 |    73 |       ||   207
       Troll leather arm |       |       |       |    29 |    86 ||   115
       Plate armour      |       |       |       |       |   149 ||   149
       Skin              |       |       |       |       |     7 ||     7
Dodge: Dodged            |    33 |    39 |   210 |   521 |   719 ||  1522
Block: Other             |       |       |       |    99 |   139 ||   238
       Reflection        |       |       |       |     3 |     7 ||    10

Table legend:
 A = Turns spent in this place as a percentage of turns spent in the entire game.
 B = Non-inter-level travel turns spent in this place as a percentage of non-inter-level travel turns spent in the entire game.
 C = Inter-level travel turns spent in this place as a percentage of turns spent in this place.
 D = Turns resting spent in this place as a percentage of non-inter-level travel turns spent in this place.
 E = Turns spent auto-exploring this place as a percentage of non-inter-level travel turns spent in this place.
 F = Non-inter-level travel turns spent in this place divided by the number of levels of this place that you've seen.
                   A       B       C       D       E      F
               +-------+-------+-------+-------+-------+----------------------
         Total | 100.0 | 100.0 |   7.5 |   3.6 |   0.0 | 603.6
       Dungeon |  74.8 |  74.4 |   8.0 |   4.6 |   0.0 | 725.6
        Temple |   0.5 |   0.5 |   9.7 |   0.0 |   0.0 |  65.0
          Lair |  17.5 |  17.4 |   8.3 |   0.0 |   0.0 | 441.0
      Ice Cave |   4.6 |   5.0 |   0.0 |   3.9 |   0.0 | 634.0
       Volcano |   2.5 |   2.7 |   0.0 |   0.0 |   0.0 | 338.0
               +-------+-------+-------+-------+-------+----------------------

Table legend:
 A = Kills in this place as a percentage of kills in entire the game.
 B = Kills by you in this place as a percentage of kills by you in the entire game.
 C = Kills by friends in this place as a percentage of kills by friends in the entire game.
 D = Other kills in this place as a percentage of other kills in the entire game.
 E = Experience gained in this place as a percentage of experience gained in the entire game.
 F = Experience gained in this place divided by the number of levels of this place that you have seen.
                   A       B       C       D       E      F
               +-------+-------+-------+-------+-------+----------------------
         Total | 100.0 | 100.0 | 100.0 | 100.0 | 100.0 | 3817.5
       Dungeon |  78.2 |  77.3 | 100.0 | 100.0 |  56.9 | 3508.4
          Lair |  15.3 |  15.8 |   0.0 |   0.0 |  27.2 | 4362.2
      Ice Cave |   4.3 |   4.5 |   0.0 |   0.0 |   6.6 | 5293.0
       Volcano |   2.3 |   2.3 |   0.0 |   0.0 |   9.3 | 7455.0
               +-------+-------+-------+-------+-------+----------------------

Vault maps used:
D:1:      onia_arrival_pyramid
D:2:      kennysheep_six_static_rooms, kennysheep_decorative_pillar,
          tso_metal_star, uniq_sigmund, uniq_crazy_yiuf_cottage
D:3:      uniq_ijyb, uniq_terence
D:4:      lemuel_coloured_pillars_altar, first_ration
D:5:      minmay_temple_entry_overgrown, nrook_pool_corridor, minmay_holes,
          due_unseen_surprise, uniq_pikel
D:7:      uniq_joseph
D:9:      uniq_erica, uniq_prince_ribbit1
D:10:     minmay_lair_entry_grove, orc_0_dummy, special_room, basic_altar,
          the_bakery, uniq_sonja
D:13:     hangedman_vaults_entry_quadrant_bands, basic_altar, uniq_urug
Temple:   kilobyte_greek_temple
Lair:1:   columned_hall_lemuel, infiniplex_staircase_pool
Lair:2:   minmay_shoals_entry_beasts, minmay_snake_entry_six_corridors,
          portal_ice_cave_rime, uniq_gastronok
Lair:3:   lemuel_old_faithful, grunt_megastairs_4
Lair:4:   nicolae_volcano_entry_s_turn, serial_bayou_shore_a
Lair:5:   hangedman_what_comes_after_a, minmay_slime_entry_pillars,
          wad_woods_antlair
IceCv:    ice_cave_tombish
Volcano:  volcano_bunker
